Map: Port Aleksander LE

Players

HeroMarine - Winner!

  • Race: Terran Terran
  • League: Master
  • Spawn Location: 11:00

HateMe

  • Race: Zerg Zerg
  • Spawn Location: 5:00

Event: 2019 WCS Winter Europe

VOD

Have the link to the VOD?

Description

Time

  • Played on: Feb. 15, 2019, 12:03 p.m.
  • Length: 13:20

All games in this series

Show
View Real Time Build Order
Export as new Build Order

HeroMarine Terran - Winner!

Build Orders: Hellion Opening, Reaper Expand 

Get SALT Encoding   

  12  0:00  SCV  
  13  0:12  SCV  
  14  0:18  Supply Depot  
  14  0:25  SCV  
  15  0:39  SCV  
  15  0:41  Barracks  
  16  0:44  Refinery  
  16  0:52  SCV  
  17  1:04  SCV  
  18  1:16  SCV  
  19  1:28  Reaper, Orbital Command  
  20  1:41  Command Center  
  20  1:52  Supply Depot  
  20  1:54  SCV  
  21  2:00  Marine  
  22  2:06  SCV  
  23  2:09  Factory  
  23  2:17  Refinery  
  23  2:18  SCV  
  23  2:21  Barracks Reactor  
  24  2:30  SCV  
  25  2:42  SCV  
  26  2:54  SCV  
  26  2:55  Starport, Orbital Command  
  27  3:05  Hellion x2  
  31  3:06  SCV, Marine  
  33  3:18  SCV  
  34  3:21  SCV  
  34  3:23  Supply Depot  
  34  3:26  Hellion x2  
  39  3:31  Viking  
  39  3:32  Barracks Tech Lab  
  39  3:34  SCV  
  42  3:36  SCV  
  43  3:46  SCV  
  44  3:48  SCV  
  44  3:50  Hellion x2  
  49  3:56  Supply Depot  
  49  4:00  SCV  
  49  4:01  SCV  
  51  4:12  SCV, Hellion  
  54  4:18  SCV, Hellion, Raven  
  54  4:24  SCV  
  60  4:25  Command Center  
  60  4:30  SCV, Supply Depot  
  61  4:37  SCV  
  62  4:46  Factory x2  
  62  4:51  SCV x2  
  62  4:52  Hellion x2  
  68  4:57  Refinery, Barracks Tech Lab  
  68  4:58  Refinery  
  68  5:03  SCV x2  
  70  5:19  Armory  
  70  5:33  SCV x2  
  70  5:34  Hellion x2  
  76  5:38  Mag-Field Accelerator  
  76  5:39  Cyclone x2  
  82  5:45  SCV x2  
  84  5:53  Engineering Bay  
  84  5:54  Infernal Pre-Igniter  
  84  5:55  Hellion x2, Supply Depot  
  88  5:57  SCV x2  
  90  6:10  SCV x2  
  92  6:16  Cyclone x2, Supply Depot  
  98  6:22  SCV x2  
  100  6:27  Barracks Reactor  
  100  6:28  Orbital Command  
  100  6:29  Factory  
  100  6:31  Factory  
  100  6:33  Refinery  
  100  6:35  Refinery  
  100  6:38  Hellion x2  
  100  6:39  SCV x2  
  106  6:42  Terran Vehicle And Ship Armor Level 1  
  106  6:50  Supply Depot  
  106  6:52  SCV x2  
  108  6:55  SCV  
  109  7:12  Hellion, Cyclone x2  
  109  7:13  Supply Depot  
  109  7:15  Supply Depot  
  117  7:29  Factory Tech Lab  
  117  7:35  SCV x3, Hellion  
  117  7:36  Supply Depot  
  122  7:38  Supply Depot  
  122  7:41  Armory  
  122  7:42  Hellion x3  
  128  7:44  Cyclone x2  
  128  7:47  SCV x3  
  135  7:53  Cyclone  
  135  7:56  Hellion x2  
  138  7:59  SCV  
  138  8:01  Hellion  
  123  8:07  SCV x2  
  116  8:16  SCV, Cyclone x2  
  116  8:17  Command Center  
  116  8:19  SCV x2  
  119  8:25  Cyclone  
  122  8:30  Terran Vehicle Weapons Level 1  
  122  8:33  Hellion x2  
  126  8:36  Hellion x2  
  130  8:42  Factory  
  130  8:43  Factory  
  130  8:47  Starport Reactor  
  129  8:48  Cyclone x2  
  129  8:49  Starport  
  129  8:51  Fusion Core  
  129  8:52  Starport  
  129  8:55  Supply Depot  
  135  8:57  Terran Vehicle And Ship Armor Level 2, Cyclone  
  135  8:58  SCV x2  
  135  8:59  SCV  
  135  9:00  Hellion  
  135  9:01  Hellion  
  145  9:04  Hellion  
  145  9:05  Hellion  
  149  9:13  SCV x2  
  149  9:16  SCV, Supply Depot  
  152  9:18  Liberator x2  
  152  9:22  Cyclone  
  152  9:23  Cyclone  
  158  9:29  Cyclone  
  160  9:36  Starport Reactor, Starport Tech Lab  
  160  9:37  Factory Tech Lab  
  169  9:39  Hellion x4, Factory Tech Lab  
  174  9:49  Refinery  
  174  9:50  Liberator, Refinery  
  174  9:54  Planetary Fortress  
  174  9:55  Hellion  
  176  10:01  Liberator  
  176  10:05  Advanced Ballistics  
  172  10:08  Hellion x2  
  172  10:09  Hellion, Liberator  
  172  10:10  Hellion x3  
  187  10:17  Hellion  
  191  10:22  Liberator  
  191  10:24  Hellion  
  195  10:32  Liberator x2  
  195  10:36  Command Center  
  195  10:38  Hellion  
  195  10:39  Hellion  
  195  10:41  Command Center  
  184  10:43  Liberator  
  173  10:52  Liberator  
  173  10:53  Hellion x2  
  173  10:54  Hellion x2  
  173  10:55  Hellion  
  176  10:57  Hellion x2  
  183  11:05  Sensor Tower, Liberator  
  186  11:15  Missile Turret, Liberator x2  
  186  11:17  Missile Turret  
  189  11:30  Sensor Tower  
  193  11:45  Hellion  
  193  11:46  Hellion  
  195  11:47  Hellion x2  
  195  11:48  Hellion  
  195  11:49  Orbital Command  
  195  11:53  Hellion x2  
  200  12:11  Liberator  
  200  12:13  Hellion x2  
  197  12:16  Hellion, Liberator x4  
  197  12:17  Hellion, Cyclone  
  197  12:19  Hellion x2  
  171  12:23  Hellion  
  171  12:24  Cyclone  
  154  12:35  Hellion x2  
  166  12:37  Planetary Fortress, Hellion  
  166  12:38  Hellion  
  170  12:47  Cyclone  
  173  12:55  Hellion  
  170  12:59  Hellion  
Show
View Real Time Build Order
Export as new Build Order

HateMe Zerg 

Build Orders: Hatch First 

Get SALT Encoding   

  12  0:00  Drone  
  13  0:12  Overlord  
  13  0:18  Drone  
  14  0:31  Drone x2  
  16  0:49  Hatchery  
  15  0:52  Drone  
  15  0:56  Drone  
  17  1:00  Drone  
  18  1:10  Extractor  
  17  1:15  Spawning Pool  
  17  1:18  Drone  
  17  1:22  Drone  
  18  1:28  Drone  
  19  1:39  Drone  
  20  1:49  Overlord  
  20  2:02  Queen x2  
  20  2:03  Zergling x4  
  26  2:14  Metabolic Boost  
  26  2:16  Drone x2  
  26  2:22  Drone  
  29  2:23  Drone  
  30  2:35  Extractor  
  29  2:41  Hatchery  
  28  2:48  Queen  
  31  2:53  Overlord  
  31  2:56  Drone  
  31  2:57  Drone  
  33  3:01  Drone  
  33  3:02  Drone  
  33  3:04  Drone  
  36  3:09  Overlord  
  36  3:12  Drone  
  37  3:16  Drone x2  
  39  3:20  Drone  
  39  3:21  Drone  
  39  3:23  Drone  
  42  3:28  Queen  
  42  3:33  Drone x2  
  46  3:42  Overlord, Baneling Nest  
  46  3:44  Zergling x2  
  46  3:50  Zergling x4  
  46  3:54  Queen  
  50  3:56  Zergling x4  
  50  3:57  Zergling x2  
  50  4:02  Zergling x6  
  56  4:07  Drone x2  
  58  4:17  Lair  
  58  4:18  Overlord  
  58  4:19  Overlord  
  58  4:37  Drone x11  
  69  4:40  Queen  
  69  4:45  Overlord  
  71  4:46  Drone  
  71  4:48  Drone  
  73  4:54  Overlord  
  73  4:55  Drone  
  73  4:59  Overlord  
  74  5:02  Overlord  
  74  5:04  Drone  
  75  5:08  Evolution Chamber x2  
  73  5:15  Extractor  
  73  5:16  Centrifical Hooks, Extractor x2  
  73  5:17  Extractor, Drone x5  
  73  5:19  Extractor  
  73  5:21  Drone  
  74  5:22  Drone x3  
  74  5:25  Overlord  
  77  5:30  Drone x2  
  80  5:35  Drone x3  
  80  5:41  Baneling x2  
  82  5:43  Drone x2  
  82  5:46  Drone  
  82  5:47  Drone x3  
  82  5:48  Drone x2  
  82  5:49  Drone  
  91  5:51  Zerg Ground Armor Level 1  
  91  5:53  Overlord  
  91  5:54  Overlord  
  91  5:58  Zergling x6  
  91  6:04  Hydralisk Den, Zerg Missile Weapons Level 1  
  92  6:08  Zergling x8  
  96  6:20  Spore Crawler  
  96  6:29  Overlord  
  96  6:30  Overlord  
  96  6:32  Infestation Pit  
  95  6:34  Grooved Spines, Overlord  
  95  6:35  Hydralisk x4  
  95  6:39  Hatchery  
  102  6:41  Hydralisk x3  
  108  6:49  Hydralisk x3  
  114  6:55  Hydralisk x2  
  114  6:59  Hydralisk  
  120  7:05  Baneling x5  
  120  7:08  Hydralisk  
  120  7:11  Zergling x18  
  131  7:20  Hive  
  131  7:21  Drone x5  
  136  7:27  Overseer  
  136  7:29  Overlord x2  
  136  7:37  Baneling x9  
  136  7:42  Overlord  
  136  7:47  Zergling x12  
  134  8:00  Zergling x24  
  141  8:10  Zergling x6  
  134  8:13  Zerg Ground Armor Level 2, Zerg Melee Weapons Level 1  
  134  8:21  Overlord x2  
  134  8:26  Hydralisk x4  
  142  8:28  Zergling x12  
  148  8:35  Viper x2  
  148  8:39  Overlord  
  154  8:41  Muscular Augments  
  154  8:44  Zergling x4  
  156  8:51  Zergling x18  
  165  8:59  Viper  
  165  9:00  Overlord  
  168  9:06  Viper  
  168  9:09  Zergling x14  
  181  9:10  Zergling x6  
  181  9:19  Adrenal Glands  
  181  9:21  Zergling x8  
  184  9:27  Zergling x18  
  189  9:32  Hatchery  
  187  9:38  Zergling x8  
  187  9:43  Baneling x7  
  187  9:44  Baneling x7  
  190  9:46  Zergling x8  
  190  9:52  Baneling x6  
  194  9:55  Zergling x12  
  190  10:00  Zergling x16  
  190  10:05  Zergling x4  
  195  10:09  Zerg Melee Weapons Level 2  
  195  10:12  Overseer  
  193  10:18  Zergling x8  
  197  10:22  Ultralisk Cavern  
  197  10:24  Baneling x4  
  196  10:29  Zergling x2  
  196  10:30  Zergling x6  
  166  10:50  Zergling x22  
  172  10:59  Viper  
  172  11:00  Spire  
  172  11:03  Extractor  
  172  11:04  Extractor, Drone x5  
  175  11:05  Drone  
  175  11:07  Drone  
  175  11:08  Drone x4  
  175  11:09  Overlord  
  175  11:10  Drone x4  
  187  11:18  Extractor  
  186  11:19  Extractor  
  185  11:27  Drone x3  
  185  11:28  Spore Crawler x2  
  185  11:29  Drone x2  
  185  11:30  Spore Crawler  
  185  11:31  Spore Crawler  
  185  11:32  Chitinous Plating  
  186  11:35  Zergling x18  
  188  12:02  Zergling x24  
  169  12:18  Corruptor x10  
  169  12:21  Zergling x4  
  161  12:28  Zergling x16  
  129  12:37  Zergling x18  
  137  12:45  Zergling x8  
  128  12:54  Zergling x8  
  113  13:04  Baneling x3  
Tags
 
Add a new tag
Caveats
  • Supply blocks, unpowered buildings, or Contaminate may cause inaccurate times.
  • Supply counts are checked every 10 seconds.